 Dungeon Crawl Stone Soup version 0.31-a0-965-g8a8ce12e04 (webtiles) character file.

Game seed: 11585638661813900573

837 Dordric the Covert (level 7, -10/43 HPs)
             Began as an Octopode Shapeshifter on Oct 26, 2023.
             Was an Initiate of Dithmenos.
             Mangled by an iguana (12 damage)
             ... on level 5 of the Dungeon.
             The game lasted 00:04:36 (3531 turns).

Dordric the Covert (Octopode Shapeshifter)          Turns: 3531, Time: 00:04:36

Health: -10/43     AC:  1    Str: 13    XL:     7   Next: 99%
Magic:  7/7        EV: 13    Int: 12    God:    Dithmenos [......]
Gold:   211        SH:  0    Dex: 14    Spells: 6/6 levels left

rFire   . . .        j - +1 short sword (distort)
rCold   . . .        (no shield)
rNeg    . . .        (helmet currently unavailable)
rPois   .            (no amulet)
rElec   .            (no ring)
rCorr   .            (no ring)
SInv    .            (no ring)
Will    .....        (no ring)
Stlth   +++++        (no ring)
HPRegen 0.27/turn    (no ring)
MPRegen 0.10/turn    (no ring)
                     (no ring)

%: no passive effects
@: beast-form
A: beast (slay +2), almost no armour, amphibious, 8 rings, camouflage 1,
gelatinous body 1, (nimble swimmer 1), tentacles
a: Begin Untransformation, Renounce Religion


You were on level 5 of the Dungeon.
You worshipped Dithmenos.
Dithmenos was noncommittal.
You were a hulking beast.
You visited 1 branch of the dungeon, and saw 5 of its levels.

You collected 211 gold pieces.

Inventory:

Hand Weapons
 j - a +1 short sword of distortion (weapon)
Jewellery
 f - a ring of ice
 x - a ring of fire
Talismans
 b - a beast talisman
 c - a flux talisman
Scrolls
 g - 2 scrolls of teleportation
 i - a scroll of torment
 l - 2 scrolls of fog {unknown}
 n - a scroll of identify {unknown}
 o - a scroll of noise {unknown}
 r - a scroll of immolation {unknown}
 t - a scroll of fear {unknown}
 u - a scroll of poison {unknown}
 v - a scroll of revelation {unknown}
 w - a scroll of summoning {unknown}
 y - 2 scrolls of acquirement {unknown}
Potions
 a - a potion of lignification
 d - 4 potions of mutation {unknown}
 e - 2 potions of curing {unknown}
 h - a potion of ambrosia {unknown}
 k - a potion of degeneration {unknown}
 m - a potion of magic {unknown}
 p - a potion of resistance {unknown}
 q - a potion of heal wounds {unknown}


   Skills:
 - Level 1.0 Fighting
 + Level 5.7 Short Blades
 - Level 2.0 Dodging
 + Level 8.3 Stealth
 - Level 3.0 Unarmed Combat
 - Level 3.6 Shapeshifting


You had 6 spell levels left.
You didn't know any spells.
Your spell library contained the following spells:

 Spells                   Type           Power      Damage    Failure   Level
 Freeze                   Ice            0%         1d3       32%         1
 Kiss of Death            Conj/Necr      0%         2d5       32%         1
 Sublimation of Blood     Necr           0%         N/A       45%         2
 Confusing Touch          Hex            0%         N/A       69%         3
 Frozen Ramparts          Ice            0%         1d1       69%         3
 Hailstorm                Conj/Ice       0%         3d3       69%         3
 Ozocubu's Armour         Ice            0%         N/A       69%         3
 Dispel Undead            Necr           0%         3d6       97%         4
 Petrify                  Tmut/Erth      0%         N/A       97%         4
 Summon Ice Beast         Ice/Summ       0%         N/A       97%         4
 Irradiate                Conj/Tmut      0%         3d11      100%        5
 Summon Mana Viper        Hex/Summ       0%         N/A       100%        5
 Monstrous Menagerie      Summ           0%         N/A       100%        7
 Ozocubu's Refrigeration  Ice            0%         4d7       100%        7


Dungeon Overview and Level Annotations

Branches:
Dungeon (5/15)
 Temple: D:4-7

Altars:
Dithmenos
Elyvilon
Hepliaklqana
Sif Muna
Trog
The Shining One

Shops:
D:2 ?   D:4 *

Annotations:
D:3 1 transporter, superbruh's ghost, amateur GnWn


Innate Abilities, Weirdness & Mutations

You are a hulking beast.
Your limbs bulge with bestial killing power. (Slay +2)
You cannot wear most types of armour.
You are amphibious.
You can wear up to eight rings at the same time.
Your skin changes colour to match your surroundings (Stealth+).
Your rubbery body absorbs attacks. (AC +1, EV +1)
((You are camouflaged when in or above water. (Stealth+)))
You have tentacles for arms and can constrict up to eight enemies at once.


Message History

You feel sick.
You are no longer poisoned.
The phantom hits you.
The phantom blinks!
You blink.
You are too injured to fight recklessly!
You are too injured to fight recklessly!
You are too injured to fight recklessly!
The phantom misses you.
You barely miss the phantom.
The phantom is severely damaged.
The phantom misses you.
You hit the phantom.
Space warps around the phantom.
The phantom is severely damaged.
You barely miss the phantom.
The phantom is severely damaged.
The iguana hisses angrily.
The phantom hits you.
The phantom blinks!
You blink.
You hit the phantom. You squeeze the phantom.
You destroy the phantom!
Dithmenos accepts your kill. The iguana bites you.
You hit the iguana. Your grab misses the iguana.
You squeeze the iguana, but do no damage.
The iguana is lightly wounded.
The iguana blinks!
You barely miss the iguana. Your grab misses the iguana.
The iguana is lightly wounded.
The adder bites you. The iguana bites you!
* * * LOW HITPOINT WARNING * * *
You hit the iguana. Your grab misses the iguana.
The iguana is moderately wounded.
The adder closely misses you.
You hit the iguana but do no damage. Your grab misses the iguana.
You squeeze the iguana.
The iguana is moderately wounded.
The iguana blinks!
The adder barely misses you.
Blink to where?
Press: ? - help, Dir - move target
As you read the scroll of blinking, it crumbles to dust.
The iguana bites you!
You die...

...... ###### ####....
#....# ####.......
#..§.# #>.........
#.§S.#.######.##.##.##.
#....#.................
#..hl########.##.#...#.
#..........##.##.#...#.
#.....hl.......#.#...#.
#..............#.#.....
##.....###.....#.###.#.
#.....# #.......#.....
####### #.......#.#...
#...........#.
#........#.#...
..........#.....
..........######.


You could see a black bear, 2 iguanas and an adder.

Vanquished Creatures
  A sky beast (D:4)
  2 black bears
  An ice beast (D:4)
  2 phantoms (D:5)
  A bullfrog (D:4)
  2 orc priests
  A hound (D:5)
  5 adders
  5 worms
  4 dart slugs
  8 orcs
  5 bats
  7 endoplasms
  A giant cockroach (D:4)
  2 goblins (D:3)
  9 hobgoblins
  5 jackals (D:2)
  2 quokkas (D:4)
  10 ball pythons
  3 frilled lizards
  4 kobolds
  2 rats
82 creatures vanquished.

Notes
Turn   | Place    | Note
-------+----------+-------------------------------------------
     0 | D:1      | Dordric the Octopode Shapeshifter began the quest for the
                  | Orb.
     0 | D:1      | Reached XP level 1. HP: 13/13 MP: 1/1
   210 | D:1      | Found a faded altar of an unknown god.
   372 | D:1      | Reached XP level 2. HP: 18/18 MP: 2/2
   911 | D:2      | Reached skill level 1 in Short Blades
   911 | D:2      | Reached skill level 1 in Stealth
   911 | D:2      | Reached XP level 3. HP: 23/23 MP: 3/3
  1158 | D:2      | Reached skill level 2 in Stealth
  1232 | D:2      | Found a white marble altar of Elyvilon.
  1281 | D:2      | Reached XP level 4. HP: 28/28 MP: 4/4
  1306 | D:2      | Found Fum Edun's Magic Scroll Boutique.
  1309 | D:2      | Reached skill level 3 in Stealth
  1729 | D:3      | Reached XP level 5. HP: 31/33 MP: 5/5
  1786 | D:3      | Noticed superbruh's ghost (amateur GnWn)
  1787 | D:3      | Found a transporter.
  1789 | D:3      | Noticed an ogre
  1792 | D:3      | Noticed an ogre
  2204 | D:3      | Reached skill level 4 in Stealth
  2295 | D:4      | Found Duwic's General Store.
  2299 | D:4      | Noticed a sky beast
  2462 | D:4      | Found a bloodstained altar of Trog.
  2473 | D:4      | Noticed a black bear
  2496 | D:4      | Killed a black bear
  2497 | D:4      | Reached skill level 5 in Stealth
  2497 | D:4      | Reached XP level 6. HP: 29/38 MP: 6/6
  2548 | D:4      | Found a shadowy altar of Dithmenos.
  2559 | D:4      | Became a worshipper of Dithmenos the Shadowed
  2922 | D:4      | Killed a sky beast
  2923 | D:4      | Reached skill level 6 in Stealth
  2923 | D:4      | Reached XP level 7. HP: 33/43 MP: 7/7
  3130 | D:4      | Found a hazy altar of Hepliaklqana.
  3133 | D:4      | Found a glowing golden altar of the Shining One.
  3138 | D:4      | Found a shimmering blue altar of Sif Muna.
  3247 | D:4      | Reached skill level 7 in Stealth
  3403 | D:5      | Entered Level 5 of the Dungeon
  3413 | D:5      | Reached skill level 5 in Short Blades
  3495 | D:5      | Reached skill level 8 in Stealth
  3528 | D:5      | HP: 2/43 [iguana (11)]
  3531 | D:5      | Mangled by an iguana

Illustrated notes

Levels and vault maps discovered:
D:1:      giann_wishing_wells, layout_loops_corners, basic_ecumenical_altar,
          minmay_misc_feat_iff
D:2:      layout_loops_ring, serial_shops, shop, basic_altar
D:3:      layout_loops_ring, gammafunk_ghost_smash, st_stairs_2
D:4:      layout_loops_ring, trog_three_pillars_becter,
          mainiacjoe_overflow_alcove_2, grunt_temple_overflow_diamond,
          serial_shops, nicolae_stop_n_shop_2, grunt_decor_fettered
D:5:      layout_basic, minmay_hollow_rounded_squares, uniq_crazy_yiuf_cottage

Skill      XL: |  1  2  3  4  5  6  7 |
---------------+----------------------+-----
Short Blades   | 1 2 3 4 5 |  5.7
Stealth        | 1 2 3 5 6 8 |  8.3
Fighting       | |  1.0
Dodging        | |  2.0
Unarmed Combat | |  3.0
Shapeshifting  | |  3.6

Action                     |  1- 3 |  4- 6 |  7- 9 || total
---------------------------+-------+-------+-------++-------
  Melee: Unarmed           |    21 |       |       ||    21
         Constrict         |    16 |    15 |     3 ||    34
         Tentacles         |    12 |    15 |     9 ||    36
         Short sword       |    31 |    64 |    38 ||   133
         Punch             |       |     2 |       ||     2
    Use: Scroll            |       |     3 |     1 ||     4
   Stab: Sleeping          |     9 |     8 |     3 ||    20
         Distracted        |       |       |     1 ||     1
 Armour: Skin              |    10 |    22 |    19 ||    51
  Dodge: Dodged            |    19 |    20 |    19 ||    58

Table legend: (Time is in decaauts)
 A = Elapsed time spent in this place.
 B = Non-inter-level travel time spent in this place.
 C = Inter-level travel time spent in this place.
 D = Time resting spent in this place.
 E = Time spent auto-exploring this place.
 F = Levels seen in this place.
 G = Mean time per level.
                   A        B        C        D        E       F      G
               +--------+--------+--------+--------+--------+-----+--------+
         Total |   3509 |   3343 |    166 |    116 |   2614 |   5 |  701.8 |
       Dungeon |   3509 |   3343 |    166 |    116 |   2614 |   5 |  701.8 |
               +--------+--------+--------+--------+--------+-----+--------+

Top non-repeatable levels by time:
     D:4: 1009 daAuts
     D:3: 858 daAuts
     D:1: 858 daAuts
     D:2: 661 daAuts
     D:5: 121 daAuts
